 Dungeon Crawl Stone Soup version 0.18.1-1-g2f07953 (webtiles) character file.

175 DarthKuruptios the Skirmisher (level 5, -7/47 HPs)
             Began as a Draconian Berserker on Aug 4, 2016.
             Was a Priest of Trog.
             Mangled by a gnoll
             ... wielding a +0 halberd
              (8 damage)
             ... on level 2 of the Dungeon.
             The game lasted 00:04:24 (1801 turns).

DarthKuruptios the Skirmisher (Draconian Berserker) Turns: 1801, Time: 00:04:25

Health: -7/47      AC:  8    Str: 20    XL:     5   Next: 29%
Magic:  5/5        EV: 13    Int:  7    God:    Trog [***...]
Gold:   82         SH:  0    Dex: 11    Spells: 0 memorised, 4 levels left

rFire  . . .     SeeInvis .     k - +0 halberd
rCold  . . .     Gourm    .     (armour unavailable)
rNeg   . . .     Faith    .     (shield currently unavailable)
rPois  .         Spirit   .     (helmet restricted)
rElec  .         Dismiss  .     h - +2 cloak
rCorr  .         Reflect  .     (no gloves)
SustAt .         Harm     .     (no boots)
MR     .....                    (no amulet)
Stlth  +.........               (no ring)
                                (no ring)

@: exhausted, slowed, very slow, not resistant to hostile enchantments, very
unstealthy
A: unfitting armour, cold-blooded, AC +5
a: Berserk, Trog's Hand, Burn Spellbooks, Renounce Religion


You were on level 2 of the Dungeon.
You worshipped Trog.
Trog was most pleased with you.
You were very hungry.

You visited 1 branch of the dungeon, and saw 2 of its levels.

You collected 82 gold pieces.

Inventory:

Hand Weapons
 a - a +0 spear
 k - a +0 halberd (weapon)
Armour
 h - a +2 cloak (worn)
 m - a +0 ring mail
Jewellery
 l - an uncursed ring of flight {unknown}
Scrolls
 e - 2 scrolls of remove curse {unknown}
 f - a scroll of immolation {unknown}
 i - 2 scrolls of identify {unknown}
Potions
 d - 5 potions of degeneration {unknown}
 g - a potion of heal wounds {unknown}
 j - a potion of lignification {unknown}
Comestibles
 b - a bread ration
 c - 4 chunks of flesh


   Skills:
 + Level 4.3 Fighting
 + Level 3.9 Polearms
 + Level 4.1 Dodging
 + Level 1.2 Stealth


You had 4 spell levels left.
You didn't know any spells.

Dungeon Overview and Level Annotations

Branches:
Dungeon (2/15)

Altars:
Elyvilon
Trog


Innate Abilities, Weirdness & Mutations

Your plain brown scales are hard (AC +5).
Your body does not fit into most forms of armour.
You are cold-blooded and may be slowed by cold attacks.


Message History

The gnoll is severely wounded.
You are no longer berserk.
You are exhausted.
You feel yourself slow down.
You are feeling very hungry.
The gnoll completely misses you.
You hit the gnoll.
The gnoll is almost dead.
The gnoll hits you with a halberd.
* * * LOW HITPOINT WARNING * * *
The gnoll closely misses you.
You barely miss the gnoll.
Your tail-slap misses the gnoll.
The gnoll is almost dead.
The gnoll barely misses you.
You closely miss the gnoll.
Your tail-slap misses the gnoll.
The gnoll is almost dead.
The gnoll hits you with a halberd!
* * * LOW HITPOINT WARNING * * *
The gnoll hits you with a halberd!
You die...

..)#...##.#
..)........
.......##
.#..#####.
##.......##
.##)#
.####...≈≈≈...#
.##.#
.......≈≈≈≈≈..#
.##..#
.......≈≈♣≈≈..#
.###(#
......≈≈≈≈≈..#
.# #.#
♣...≈≈≈...♣ .#
#.## ♣g@†....♣
.# #..# #
♣♣.)...♣♣
.####.###.#
♣♣...♣♣
#.........#
♣♣?....♣♣
#.####.##.#
♣♣.......♣♣
#.#....##.#
♣...≈≈≈...♣
#.#.#..##.#
♣♣..≈≈≈≈≈..♣♣
#......##.#
♣...≈≈_≈≈...♣
###'##.##.#
♣♣..≈≈÷≈≈..♣♣


You could see a gnoll.

Vanquished Creatures
  Robin (D:2)
  7 gnolls (D:2)
  2 adders (D:2)
  An ooze (D:2)
  A dart slug (D:2)
  3 giant geckos (D:1)
  A giant cockroach (D:2)
  15 goblins
  9 hobgoblins
  3 jackals (D:1)
  7 kobolds
  3 quokkas
  4 bats
  3 giant newts
  5 rats
65 creatures vanquished.

Vanquished Creatures (others)
  4 toadstools (D:1)
4 creatures vanquished.

Grand Total: 69 creatures vanquished

Notes
Turn   | Place    | Note
--------------------------------------------------------------
     0 | D:1      | DarthKuruptios the Draconian Berserker began the quest for the Orb.
     0 | D:1      | Reached XP level 1. HP: 19/19 MP: 1/1
   124 | D:1      | Reached XP level 2. HP: 25/26 MP: 2/2
   589 | D:1      | Reached XP level 3. HP: 33/33 MP: 3/3
   773 | D:1      | Reached ** piety under Trog
   984 | D:2      | Noticed Robin
  1004 | D:2      | Killed Robin
  1167 | D:2      | Reached XP level 4. HP: 33/40 MP: 4/4
  1655 | D:2      | Found a bloodstained altar of Trog.
  1752 | D:2      | Reached skill level 1 in Stealth
  1752 | D:2      | Reached XP level 5. HP: 40/46 MP: 5/5
  1765 | D:2      | Found a white marble altar of Elyvilon.
  1791 | D:2      | Reached *** piety under Trog
  1801 | D:2      | HP: 1/47 [gnoll/halberd (11)]
  1801 | D:2      | Mangled by a gnoll

Skill      XL: |  1  2  3  4 |
---------------+-------------+-----
Dodging        | 3 4 |  4.1
Fighting       | 4 |  4.3
Stealth        | 1 |  1.2
Polearms       | |  3.9

Action                   |  1- 3 |  4- 6 || total
-------------------------+-------+-------++-------
Melee: Spear             |   133 |    18 ||   151
       Tailslap          |    16 |     6 ||    22
       Halberd           |       |    65 ||    65
Invok: Berserk           |     1 |     2 ||     3
       Trog's Hand       |     1 |       ||     1
 Stab: Sleeping          |     1 |     2 ||     3
  Eat: Chunk             |     2 |     3 ||     5
Armor: Skin              |    37 |    23 ||    60
Dodge: Dodged            |    88 |    82 ||   170
